 Dungeon Crawl Stone Soup version 0.31-a0-325-g067879e3d3 (webtiles) character file.

Game seed: 6906126956558665430

386 cforsyth the Changeling (level 6, -5/43 HPs)
             Began as a Vampire Shapeshifter on July 19, 2023.
             Was a Follower of Hepliaklqana.
             Slain by Edmund
             ... wielding a +4 dire flail of holy wrath
              (11 damage)
             ... on level 5 of the Dungeon.
             The game lasted 00:03:44 (2257 turns).

cforsyth the Changeling (Vampire Shapeshifter)      Turns: 2257, Time: 00:03:44

Health: -5/43      AC:  8    Str: 16    XL:     6   Next: 48%
Magic:  6/6        EV:  8    Int: 11    God:    Hepliaklqana [*.....]
Gold:   227        SH:  0    Dex: 20    Spells: 5/5 levels left

rFire   . .          .
                       - Unarmed
rCold   . . .        (no shield)
rNeg    . . .        e - +0 chain mail
rPois   .            (helmet currently unavailable)
rElec   .            (cloak currently unavailable)
rCorr   .            (gloves currently unavailable)
SInv    +            (boots currently unavailable)
Will    +....        (no amulet) Stlth
                     j - +6 ring of dexterity
HPRegen 0.47/turn    w - ring of willpower
MPRegen 0.10/turn

%: no passive effects
@: confused, beast-form, ambrosia-drunk, healing quickly
A: beast (slay +3), reduced essence, alive, fangs 3, see invisible, vampiric 2
a: Exsanguinate, Begin Untransformation, Renounce Religion, Recall Ancestor,
Ancestor Identity


You were on level 5 of the Dungeon.
You worshipped Hepliaklqana.
Hepliaklqana was aware of your devotion.
You were a hulking beast.
You visited 1 branch of the dungeon, and saw 5 of its levels.

You collected 227 gold pieces.

Inventory:

Armour
 a - a +0 animal skin
 e - a +0 chain mail (worn)
 f - a +0 cloak
Jewellery
 j - a +6 ring of dexterity (left hand)
 w - a ring of willpower (right hand)
Talismans
 c - a beast talisman
Scrolls
 d - a scroll of fear {unknown}
 g - a scroll of revelation {unknown}
 h - 2 scrolls of enchant weapon {unknown}
 i - 5 scrolls of teleportation {unknown}
 k - 2 scrolls of blinking {unknown}
 l - a scroll of fog {unknown}
 m - a scroll of immolation {unknown}
 o - 3 scrolls of identify {unknown}
 p - a scroll of amnesia {unknown}
 q - a scroll of enchant armour {unknown}
 u - a scroll of brand weapon {unknown}
 v - a scroll of vulnerability {unknown}
Potions
 b - 2 potions of lignification
 r - a potion of haste {unknown}
 s - 3 potions of curing {unknown}
 t - a potion of heal wounds {unknown}


   Skills:
 + Level 3.9 Fighting
 - Level 2.1 Dodging
 + Level 4.7 Unarmed Combat
 + Level 4.8 Shapeshifting


You had 5 spell levels left.
You didn't know any spells.
Your spell library contained the following spells:

 Spells                   Type           Power      Damage    Failure   Level
 Lesser Beckoning         Tloc           0%         N/A       100%        2
 Gell's Gravitas          Tloc           0%         N/A       100%        3
 Teleport Other           Tloc           0%         N/A       100%        3


Dungeon Overview and Level Annotations

Branches:
Dungeon (5/15)             Temple (0/1) D:4

Altars:
Ashenzari
Cheibriados
Hepliaklqana

Shops:
D:3 ?

Annotations:
D:3 3 runed translucent doors, Hubjo's ghost, amateur DsSh; Vomitron's ghost, amateur FoFi; knightboat's ghost, amateur TeSh; lunkers's ghost, novice MeSh; pajopajo's ghost, amateur DESu
D:5 Edmund


Innate Abilities, Weirdness & Mutations

You are a hulking beast.
Your limbs bulge with bestial killing power. (Slay +3)
Your life essence is reduced to manifest your ancestor. (-10% HP)
Your natural rate of healing is accelerated.
You have razor-sharp teeth.
You have supernaturally acute eyesight. (SInv)
You are afflicted with vampirism and can become a bat while bloodless.


Message History

The ufetubus hits you but does no damage.
The ufetubus attacks as you move away!
The ufetubus hits you but does no damage.
The ufetubus closely misses you.
The ufetubus hits Eshargamelat. x2
Eshargamelat barely misses the phantom.
The ufetubus barely misses Eshargamelat.
The ufetubus misses Eshargamelat.
The phantom hits Eshargamelat.
The ice beast completely misses Eshargamelat.
The jelly hits you but does no damage.
Eshargamelat barely misses the phantom.
The ufetubus barely misses Eshargamelat.
The ufetubus hits Eshargamelat.
The phantom closely misses Eshargamelat.
The ice beast barely misses Eshargamelat.
The ufetubus closely misses Eshargamelat. x2
Eshargamelat completely misses the phantom.
Edmund says, "I'm quite good with sums, too."
The jackal barely misses you.
Eshargamelat hits the phantom.
Edmund attacks as you move away!
Edmund hits you with a +4 dire flail of holy wrath!
You convulse!
* * * LOW HITPOINT WARNING * * *
The phantom closely misses Eshargamelat.
Eshargamelat completely misses the phantom.
Edmund attacks as you move away!
Edmund hits you with a +4 dire flail of holy wrath.
* * * LOW HITPOINT WARNING * * *
You convulse.
* * * LOW HITPOINT WARNING * * *
The jackal bites you but does no damage.
The phantom misses Eshargamelat.
Eshargamelat barely misses the phantom.
The ufetubus hits you.
* * * LOW HITPOINT WARNING * * *
The ufetubus closely misses you.
The jackal bites you but does no damage.
There is a stone staircase leading down here.
It was a potion of ambrosia.
You are confused.
You feel invigorated.
The phantom barely misses Eshargamelat.
Edmund hits you with a +4 dire flail of holy wrath!
You die...

...............#
...............##
........$.......#
.......$W.......##
........R........#
........l........#
.........J.......#
........h5Y......#
........@h.......#
.................#
..................#
...................#
....................#
....................#
.....................#
.....................#
...............†.....#


You could see the friendly Eshargamelat the ancestor, Edmund, an ice beast, a
phantom (distracted, ally target), an iguana, a jelly, an ufetubus and a jackal.

Vanquished Creatures
  A scorpion (D:4)
  A centaur skeleton (D:3)
  A jelly (D:5)
  An iguana (D:3)
  Jessica (D:2)
  9 adders
  An ufetubus (D:4)
  2 adder zombies (D:3)
  2 adder skeletons (D:3)
  6 worms
  A dart slug (D:4)
  2 orcs (D:3)
  9 endoplasms
  7 goblins
  5 hobgoblins
  6 jackals
  6 quokkas
  11 ball pythons
  7 bats
  5 frilled lizards
  2 giant cockroach zombies (D:3)
  5 kobolds
  A quokka skeleton (D:3)
  A quokka zombie (D:3)
  9 rats
102 creatures vanquished.

Vanquished Creatures (collateral kills)
  A goblin (D:4)
1 creature vanquished.

Grand Total: 103 creatures vanquished

Notes
Turn   | Place    | Note
-------+----------+-------------------------------------------
     0 | D:1      | cforsyth the Vampire Shapeshifter began the quest for the
                  | Orb.
     0 | D:1      | Reached XP level 1. HP: 16/16 MP: 1/1
   113 | D:1      | Reached XP level 2. HP: 13/22 MP: 2/2
   373 | D:1      | Gained mutation: You are afflicted with vampirism and can
                  | become a bat while bloodless. [Vampire growth]
   373 | D:1      | Reached XP level 3. HP: 27/27 MP: 3/3
   690 | D:2      | Noticed Jessica
   696 | D:2      | Killed Jessica
   697 | D:2      | Reached XP level 4. HP: 30/34 MP: 4/4
   852 | D:2      | Found a hazy altar of Hepliaklqana.
   867 | D:2      | Became a worshipper of Hepliaklqana the Forgotten
  1042 | D:3      | Reached XP level 5. HP: 37/41 MP: 5/5
  1184 | D:3      | Found Rohepul's Magic Scroll Shoppe.
  1311 | D:3      | Found a runed translucent gate.
  1311 | D:3      | Found a runed translucent gate.
  1312 | D:3      | Found a runed translucent gate.
  1313 | D:3      | Noticed Hubjo's ghost (amateur DsSh)
  1313 | D:3      | Noticed pajopajo's ghost (amateur DESu)
  1314 | D:3      | Noticed Vomitron's ghost (amateur FoFi)
  1314 | D:3      | Noticed knightboat's ghost (amateur TeSh)
  1314 | D:3      | Noticed lunkers's ghost (novice MeSh)
  1400 | D:3      | Found a faded altar of an unknown god.
  1662 | D:4      | Reached XP level 6. HP: 47/47 MP: 6/6
  1677 | D:4      | Found a broken altar of Ashenzari.
  1739 | D:4      | Found a snail-covered altar of Cheibriados.
  1938 | D:4      | Reached * piety under Hepliaklqana
  1969 | D:4      | Found a hazy altar of Hepliaklqana.
  2048 | D:4      | Found a staircase to the Ecumenical Temple.
  2204 | D:5      | Entered Level 5 of the Dungeon
  2243 | D:5      | Noticed an ice beast
  2245 | D:5      | Noticed Edmund
  2256 | D:5      | HP: 2/43 [Edmund/+4 dire flail of holy wrath (5)]
  2257 | D:5      | Slain by Edmund

Illustrated notes

Levels and vault maps discovered:
D:1:      grunt_arrival_crossed_arrows, layout_rooms, serial_bayou_ford_a,
          kennysheep_doodads, chequers_serial_rivers_micro_d
D:2:      layout_basic, basic_altar, uniq_jessica
D:3:      layout_rooms, gammafunk_ghost_cemetery, serial_undead,
          serial_undead_d, serial_undead_f, serial_undead_a, serial_undead_c,
          serial_shops, shop, dreamdust_ecumenical_altar_grove,
          dreamdust_wishing_well
D:4:      layout_basic, nzn_hepliaklqana_mist_gate, slow_altar_1,
          cheibrodos_ashenzari_chains, minmay_temple_entry_poolview
D:5:      layout_layer_cave, mainiacjoe_overflow_paths, uniq_edmund,
          uniq_menkaure

Skill      XL: |  1  2  3  4  5 |
---------------+----------------+-----
Fighting       | 2 3 |  3.9
Unarmed Combat | 3 4 |  4.7
Shapeshifting  | 4 |  4.8
Dodging        | |  2.1

Action                     |  1- 3 |  4- 6 || total
---------------------------+-------+-------++-------
  Melee: Unarmed           |    95 |   159 ||   254
         Bite              |    11 |    17 ||    28
         Punch             |       |     4 ||     4
    Use: Potion            |       |     1 ||     1
   Stab: Sleeping          |     1 |       ||     1
 Armour: Chain mail        |    64 |   101 ||   165
  Dodge: Dodged            |    51 |    81 ||   132

Table legend: (Time is in decaauts)
 A = Elapsed time spent in this place.
 B = Non-inter-level travel time spent in this place.
 C = Inter-level travel time spent in this place.
 D = Time resting spent in this place.
 E = Time spent auto-exploring this place.
 F = Levels seen in this place.
 G = Mean time per level.
                   A        B        C        D        E       F      G
               +--------+--------+--------+--------+--------+-----+--------+
         Total |   2246 |   2164 |     82 |      0 |   1597 |   5 |  449.2 |
       Dungeon |   2246 |   2164 |     82 |      0 |   1597 |   5 |  449.2 |
               +--------+--------+--------+--------+--------+-----+--------+

Top non-repeatable levels by time:
     D:4: 584 daAuts
     D:3: 578 daAuts
     D:2: 555 daAuts
     D:1: 477 daAuts
     D:5: 51 daAuts
